 Dungeon Crawl Stone Soup version 0.29-a0-284-gf9362112df (webtiles) character file.

Game seed: 13835478953606671930

67 siradein the Shooter (level 4, 0/27 HPs)
             Began as a Deep Elf Hunter on Mar 16, 2022.
             Succumbed to a scorpion's poison
             ... on level 3 of the Dungeon.
             The game lasted 00:04:07 (2150 turns).

siradein the Shooter (Deep Elf Hunter)              Turns: 2150, Time: 00:04:07

Health: 0/27       AC:  4    Str:  8    XL:     4   Next: 0%
Magic:  6/6        EV: 13    Int: 14    God:
Gold:   134        SH:  0    Dex: 20    Spells: 3/3 levels left

rFire   . . .      SeeInvis .   a - +1 shortbow
rCold   . . .      Faith    .   (shield currently unavailable)
rNeg    . . .      Spirit   .   b - +0 leather armour
rPois   .          Reflect  .   (no helmet)
rElec   .          Harm     .   (no cloak)
rCorr   .          Rampage  .   (no gloves)
Will    .....                   d - +0 pair of boots
Stlth   ++........              k - amulet of regeneration
HPRegen 0.89/turn               (no ring)
MPRegen 0.10/turn               (no ring)

@: lethally poisoned (0 -> -2)
A: no striking features
a: no special abilities


You were on level 3 of the Dungeon.
You visited 1 branch of the dungeon, and saw 3 of its levels.

You collected 134 gold pieces.

Inventory:

Hand Weapons
 a - a +1 shortbow (weapon)
Armour
 b - a +0 leather armour (worn)
 d - a +0 pair of boots (worn)
Jewellery
 k - an amulet of regeneration (around neck)
Scrolls
 c - 2 scrolls of immolation
 g - 2 scrolls of identify {unknown}
 i - a scroll of silence {unknown}
 j - a scroll of enchant weapon {unknown}
 l - a scroll of teleportation {unknown}
 m - a scroll of summoning {unknown}
 n - a scroll of fog {unknown}
 q - a scroll of enchant armour {unknown}
Potions
 e - a potion of berserk rage {unknown}
 f - a potion of resistance {unknown}
 h - a potion of lignification {unknown}
 o - a potion of heal wounds {unknown}
 p - a potion of curing {unknown}


   Skills:
 + Level 2.4 Fighting
 + Level 6.0 Bows
 + Level 3.6 Dodging
 - Level 1.2 Stealth


You had 3 spell levels left.
You didn't know any spells.
Your spell library contained the following spells:

 Spells                   Type           Power      Damage    Failure   Level
 Frozen Ramparts          Ice            0%         1d2       77%         3
 Ice Form                 Ice/Tmut       0%         N/A       99%         4
 Summon Ice Beast         Ice/Summ       0%         N/A       99%         4


Dungeon Overview and Level Annotations

Branches:
Dungeon (3/15)

Altars:

Shops:
D:2 [


Message History

Found a robe.
Found a stone staircase leading up.
There is a stone staircase leading down here.
p - a glowing ruby potion
q - a scroll labelled FEXTEY GICA
Okay, then.
A scorpion comes into view.
A scorpion is nearby!
A scorpion is nearby!
A scorpion is nearby!
You shoot an arrow.
The arrow hits the scorpion but does no damage.
The scorpion barely misses you.
You shoot an arrow. The arrow closely misses the scorpion.
The scorpion stings you.
You shoot an arrow. The arrow closely misses the scorpion.
The scorpion stings you.
You are poisoned.
The scorpion poisons you! The scorpion stings you.
You shoot an arrow. The arrow hits the scorpion.
The scorpion is lightly wounded.
You feel very sick. The scorpion closely misses you.
You are too injured to fight recklessly!
You are too injured to fight recklessly!
You are too injured to fight recklessly!
Shoot: a) +1 shortbow
Press: ? - help, Q - select action Shift-Dir - straight line, f/p - scorpion
Aim: a scorpion (lightly wounded, 67% to hit)
You shoot an arrow.
The arrow completely misses the scorpion.
You feel very sick. The scorpion stings you.
* * * LOW HITPOINT WARNING * * *
The scorpion stings you.
* * * LOW HITPOINT WARNING * * *
Shoot: a) +1 shortbow
Press: ? - help, Q - select action Shift-Dir - straight line, f/p - scorpion
Aim: a scorpion (lightly wounded, 67% to hit)
You shoot an arrow. The arrow barely misses the scorpion.
You die...

......## ###... #.#
#.# ##......
......##.# #.###
##...#..### ##..
..#.###....
.#......... s#.#
#.#>....## .........#
.#.#.#.###.## #s#
.#.##.###.# #.#
#.#.....#†#
#.#########.#.#.#.#..
#....s@.....[........
##########....#.#.##.#
####........# .#
#......####.# #.##.#.#
... # #..... ...
#...### ## #.### #.#


You could see a scorpion.

Vanquished Creatures
  2 adders (D:2)
  2 dart slugs
  An orc (D:3)
  5 ball pythons
  7 bats
  4 endoplasms
  3 giant cockroaches
  5 hobgoblins
  3 kobolds (D:1)
  A quokka (D:2)
  3 frilled lizards (D:2)
  2 goblins
  5 rats
43 creatures vanquished.

Notes
Turn   | Place    | Note
-------+----------+-------------------------------------------
     0 | D:1      | siradein the Deep Elf Hunter began the quest for the Orb.
     0 | D:1      | Reached XP level 1. HP: 12/12 MP: 3/3
    92 | D:1      | Reached XP level 2. HP: 17/17 MP: 4/4
   918 | D:2      | Reached XP level 3. HP: 9/21 MP: 5/5
  1114 | D:2      | Found Finwen's Armour Boutique.
  1593 | D:2      | Reached skill level 6 in Bows
  2105 | D:3      | Reached XP level 4. HP: 27/27 MP: 6/6
  2124 | D:3      | Noticed a scorpion
  2149 | D:3      | HP: 1/27 [scorpion (2)]
  2150 | D:3      | Succumbed to a scorpion's poison

Illustrated notes

Levels and vault maps discovered:
D:1:      mrwooster_arrival_arrow, layout_loops_ring, minmay_heptomino_d4
D:2:      layout_basic, serial_shops, nicolae_shop_hallway_stairs,
          grunt_ministairs_4, kennysheep_donut, minmay_crystal_room
D:3:      layout_loops_ring, uniq_natasha, uniq_jessica

Skill      XL: |  1  2  3 |
---------------+----------+-----
Dodging        | 3 |  3.6
Fighting       | 2 |  2.4
Bows           | 6 |  6.0
Stealth        | |  1.2

Action                   |  1- 3 |  4- 6 || total
-------------------------+-------+-------++-------
 Fire: Shortbow          |   108 |     6 ||   114
Armor: Leather armour    |    13 |       ||    13
Dodge: Dodged            |    47 |     2 ||    49

Table legend: (Time is in decaauts)
 A = Elapsed time spent in this place.
 B = Non-inter-level travel time spent in this place.
 C = Inter-level travel time spent in this place.
 D = Time resting spent in this place.
 E = Time spent auto-exploring this place.
 F = Levels seen in this place.
 G = Mean time per level.
                   A        B        C        D        E       F      G
               +--------+--------+--------+--------+--------+-----+--------+
         Total |   2180 |   2094 |     86 |    145 |   1672 |   3 |  726.7 |
       Dungeon |   2180 |   2094 |     86 |    145 |   1672 |   3 |  726.7 |
               +--------+--------+--------+--------+--------+-----+--------+

Top non-repeatable levels by time:
     D:2: 1271 daAuts
     D:1: 746 daAuts
     D:3: 162 daAuts
